 Dungeon Crawl Stone Soup version 0.29.1-12-g30fa7ad0bf (webtiles) character file.

Game seed: 17334025277015805920

681 javelincjr the Conjurer (level 7, -3/38 HPs)
             Began as a Deep Elf Conjurer on Dec 19, 2022.
             Was an Initiate of Sif Muna.
             Slain by a centaur (5 damage)
             ... on level 5 of the Dungeon.
             The game lasted 00:19:49 (4753 turns).

javelincjr the Conjurer (Deep Elf Conjurer)         Turns: 4753, Time: 00:19:50

Health: -3/38      AC:  4    Str:  6    XL:     7   Next: 34%
Magic:  10/18      EV: 13    Int: 23    God:    Sif Muna [......]
Gold:   221        SH:  0    Dex: 13    Spells: 14/18 levels left

rFire   . . .      SeeInvis .   t - +1 sling (flame)
rCold   . . .      Faith    .   (no shield)
rNeg    . . .      Spirit   .   a - +0 robe
rPois   .          Reflect  .   r - +0 helmet
rElec   .          Harm     .   g - +0 cloak
rCorr   .          Rampage  .   (no gloves)
Will    .....                   (no boots)
Stlth   ++........              (no amulet)
HPRegen 0.12/turn               (no ring)
MPRegen 0.16/turn               (no ring)

@: studying Fire Magic
A: no striking features
a: Renounce Religion


You were on level 5 of the Dungeon.
You worshipped Sif Muna.
Sif Muna was noncommittal.
You visited 1 branch of the dungeon, and saw 5 of its levels.

You collected 221 gold pieces.

Inventory:

Hand Weapons
 i - a +2 short sword of electrocution
 t - a +1 sling of flaming (weapon)
Missiles
 e - 47 stones
 m - 5 boomerangs
 y - 2 poisoned darts
Armour
 a - a +0 robe (worn)
 g - a +0 cloak (worn)
 r - a +0 helmet (worn)
Magical Staves
 s - a staff of poison
Jewellery
 A - a ring of magical power
Wands
 x - a wand of light (11)
Scrolls
 d - 4 scrolls of identify {unknown}
 h - a scroll of butterflies {unknown}
 n - 2 scrolls of blinking {unknown}
 q - 2 scrolls of fear {unknown}
 v - a scroll of noise {unknown}
Potions
 b - 2 potions of magic
 c - 4 potions of heal wounds {unknown}
 f - a potion of might {unknown}
 j - 2 potions of haste {unknown}
 k - a potion of attraction {unknown}
 l - 4 potions of curing {unknown}
 o - a potion of mutation {unknown}
 p - a potion of berserk rage {unknown}
 u - a potion of cancellation {unknown}
 w - a potion of lignification {unknown}
 z - a potion of ambrosia {unknown}


   Skills:
 + Level 1.4 Fighting
 + Level 2.2 Short Blades
 + Level 3.9 Ranged Weapons
 + Level 1.1 Throwing
 + Level 3.4 Dodging
 + Level 3.5 Stealth
 + Level 6.1 Spellcasting
 + Level 6.1 Conjurations


You had 14 spell levels left.
You knew the following spells:

 Your Spells              Type           Power      Damage    Failure   Level
a - Magic Dart            Conj           100%       1d8       1%          1
b - Searing Ray           Conj           70%        2d7       1%          2
c - Slow                  Hex            28%        N/A       9%          1

Your spell library contained the following spells:

 Spells                   Type           Power      Damage    Failure   Level
 Dazzling Flash           Conj/Hex       42%        N/A       7%          3
 Fulminant Prism          Conj/Hex       10%        3d9       24%         4
 Iskenderun's Mystic Bla  Conj/Tloc      21%        2d6       24%         4
 Confusing Touch          Hex            7%         N/A       26%         3
 Vampiric Draining        Necr           7%         2d6       26%         3


Dungeon Overview and Level Annotations

Branches:
Dungeon (5/15)
 Temple: D:4-7

Altars:
Ashenzari
Fedhas
Gozag
Sif Muna


Message History

The searing ray hits the iguana.
The iguana is almost dead.
The iguana misses you.
The searing ray hits the iguana.
You kill the iguana!
Sif Muna accepts your kill.
You finish channelling your searing ray.
You start resting.
A centaur comes into view.
The centaur shouts!
The centaur drinks a potion.
The centaur flickers and vanishes!
Deactivating autopickup; reactivate with Ctrl-A.
There is an open door here.
A shadow imp comes into view.
You start resting.
You hear a twanging sound.
An arrow appears from out of thin air!
The arrow hits you!
* * * LOW HITPOINT WARNING * * *
Something barely misses you. Something kicks you.
* * * LOW HITPOINT WARNING * * *
You closely miss something. Something hits you.
* * * LOW HITPOINT WARNING * * *
Something kicks you but does no damage. Something hits you.
* * * LOW HITPOINT WARNING * * *
Something kicks you.
* * * LOW HITPOINT WARNING * * *
Casting: Searing Ray (safe; 1% risk of failure)
Confirm with . or Enter, or press ? or * to list all spells.
You don't know that spell.
Casting: Searing Ray (safe; 1% risk of failure)
Confirm with . or Enter, or press ? or * to list all spells.
Aiming: Searing Ray (safe; 1% risk of failure)
Press: ? - help, Shift-Dir - straight line (Press . to maintain the ray.)
Something hits you.
* * * LOW HITPOINT WARNING * * *
Something kicks you but does no damage.
Unknown command.
The searing ray hits something.
Something hits you.
You die...

#.{ ..# ..###
#...# ###...#
##.#...#
##.@#...#
#...'...#
#....#†..#
#.....#...#
#....##...#
.'...# #...# ..#
#
..#..####.######
..# #
.5#.###.#......#
..## #
####..#......#
...' .


You could see a shadow imp (asleep).

Vanquished Creatures
  A necrophage (D:5)
  2 scorpions
  A gnoll bouda (D:5)
  A hound (D:4)
  An orc priest (D:3)
  3 iguanas (D:5)
  Natasha (thrice) (D:3)
  Robin (D:3)
  7 gnolls
  9 adders
  An ufetubus (D:4)
  2 dart slugs
  6 orcs
  9 endoplasms
  A giant cockroach (D:3)
  19 goblins
  11 hobgoblins
  7 kobolds
  4 quokkas
  5 ball pythons
  6 bats
  A frilled lizard (D:3)
  4 rats
105 creatures vanquished.

Notes
Turn   | Place    | Note
-------+----------+-------------------------------------------
     0 | D:1      | javelincjr the Deep Elf Conjurer began the quest for the
                  | Orb.
     0 | D:1      | Reached XP level 1. HP: 10/10 MP: 6/6
   160 | D:1      | Reached XP level 2. HP: 10/15 MP: 1/8
   330 | D:1      | Reached skill level 5 in Conjurations
   668 | D:1      | Reached XP level 3. HP: 19/19 MP: 7/9
  1121 | D:2      | Learned a level 2 spell: Searing Ray
  1365 | D:2      | Reached XP level 4. HP: 24/24 MP: 8/12
  1532 | D:2      | Found a broken altar of Ashenzari.
  2199 | D:3      | Found a faded altar of an unknown god.
  2211 | D:3      | Reached skill level 5 in Spellcasting
  2211 | D:3      | Reached XP level 5. HP: 12/28 MP: 7/14
  2418 | D:3      | Reached skill level 1 in Short Blades
  2869 | D:3      | Noticed Natasha
  2876 | D:3      | Killed Natasha
  2880 | D:3      | Noticed Robin
  2890 | D:3      | Found an opulent altar of Gozag.
  2898 | D:3      | Killed Robin
  2899 | D:3      | Reached XP level 6. HP: 27/33 MP: 3/16
  2914 | D:3      | Noticed Natasha
  2917 | D:3      | Killed Natasha
  3053 | D:3      | Noticed Natasha
  3069 | D:3      | Killed Natasha
  3559 | D:3      | Found a blossoming altar of Fedhas.
  3559 | D:3      | Found a shimmering blue altar of Sif Muna.
  3563 | D:3      | Became a worshipper of Sif Muna the Loreminder
  4101 | D:4      | Reached skill level 1 in Ranged Weapons
  4117 | D:4      | Learned a level 1 spell: Slow
  4160 | D:4      | Reached skill level 1 in Fighting
  4376 | D:5      | Entered Level 5 of the Dungeon
  4394 | D:5      | Reached skill level 1 in Throwing
  4404 | D:5      | Reached XP level 7. HP: 37/38 MP: 1/18
  4753 | D:5      | Slain by a centaur

Illustrated notes

Levels and vault maps discovered:
D:1:      amcnicky_arrival_single_pillar, layout_loops_cross
D:2:      layout_loops_corners, basic_altar
D:3:      layout_loops_ring, nicolae_gozag_cash_rules_everything_around_me,
          gammafunk_temple_overflow_elements, ebering_ecumenical_altar_hall,
          uniq_natasha, uniq_robin
D:4:      layout_cave_pools, columned_hall_lemuel
D:5:      layout_basic, minmay_quadrilaterals

Skill      XL: |  1  2  3  4  5  6  7 |
---------------+----------------------+-----
Conjurations   | 5 6 |  6.1
Spellcasting   | 4 5 6 |  6.1
Short Blades   | 2 |  2.2
Stealth        | 3 |  3.5
Dodging        | 3 |  3.4
Ranged Weapons | 2 3 |  3.9
Fighting       | 1 |  1.4
Throwing       | 1 |  1.1

Action                   |  1- 3 |  4- 6 |  7- 9 || total
-------------------------+-------+-------+-------++-------
Melee: Dagger            |     2 |       |       ||     2
       Short sword       |    12 |    38 |       ||    50
       Sling             |       |       |     1 ||     1
 Fire: Sling             |       |    28 |    11 ||    39
Throw: Boomerang         |       |     9 |       ||     9
 Cast: Magic Dart        |    39 |    38 |       ||    77
       Searing Ray       |     1 |    19 |     5 ||    25
 Stab: Sleeping          |       |     2 |       ||     2
Armor: Robe              |     3 |    18 |     3 ||    24
Dodge: Dodged            |    15 |    48 |    10 ||    73
